 Dungeon Crawl Stone Soup version 0.28.0-43-g3370ac3207 (webtiles) character file.

Game seed: 14554358175732669155

2413 experimilk the Basher (level 9, -3/67 HPs)
             Began as a Palentonga Abyssal Knight on Mar 18, 2022.
             Was a Priest of Lugonu.
             Slain by a killer bee (4 damage)
             ... on level 7 of the Dungeon.
             The game lasted 00:24:43 (11083 turns).

experimilk the Basher (Palentonga Abyssal Knight)  Turns: 11083, Time: 00:24:43

Health: -3/67      AC: 15    Str: 20    XL:     9   Next: 23%
Magic:  12/12      EV:  8    Int: 12    God:    Lugonu [***...]
Gold:   219        SH:  0    Dex: 10    Spells: 8/8 levels left

rFire   + . .      SeeInvis +   d - +3 battleaxe (flame)
rCold   . . .      Faith    +   (shield currently unavailable)
rNeg    . . .      Spirit   .   m - +1 ring mail {rF+}
rPois   .          Reflect  .   (no helmet)
rElec   +          Harm     .   (no cloak)
rCorr   .          Rampage  .   p - +1 pair of gloves
Will    .....                   (no barding)
Stlth   ..........              k - amulet of faith
HPRegen 0.21/turn               (no ring)
MPRegen 0.13/turn               (no ring)

@: lethally poisoned (-3 -> -22), curled up
A: large, rugged brown scales 3, see invisible, deformed body, roll 1, armoured
tail, reflexive curl, mutation resistance 1, electricity resistance
a: Rolling Charge, Renounce Religion, Depart the Abyss, Bend Space, Banish


You were on level 7 of the Dungeon.
You worshipped Lugonu.
Lugonu was most pleased with you.
You visited 1 branch of the dungeon, and saw 7 of its levels.
You visited the Abyss 1 time.

You collected 219 gold pieces.

Inventory:

Hand Weapons
 a - a +1 mace
 d - a +3 battleaxe of flaming (weapon)
 s - the +6 trident of Gallantry {vorpal, Dex+2}
   (You found it on level 6 of the Dungeon)

   It inflicts extra damage upon your enemies.
   Dex:       It affects your dexterity (+2).
 v - a +3 flail
Armour
 b - a +0 leather armour
 e - a +0 ring mail
 j - a +0 plate armour
 m - a +1 ring mail of fire resistance (worn)
 p - a +1 pair of gloves (worn)
Jewellery
 k - an amulet of faith (around neck)
Wands
 c - a wand of iceblast (2)
 q - a wand of polymorph (6)
Scrolls
 r - 3 scrolls of vulnerability
Potions
 f - a potion of mutation
 g - a potion of curing
 i - 2 potions of magic
 l - a potion of flight {unknown}
 n - a potion of attraction {unknown}
 o - a potion of resistance {unknown}


   Skills:
 - Level 3.0 Fighting
 * Level 2.9(7.0) Axes
 - Level 10.0(10.2) Maces & Flails
 - Level 1.5 Armour
 - Level 0.7 Dodging
 - Level 5.0 Invocations
 - Level 5.0 Evocations


You had 8 spell levels left.
You didn't know any spells.
Your spell library contained the following spells:

 Spells                   Type           Power      Damage    Failure   Level
 Airstrike                Air            0%         N/A       99%         4
 Summon Lightning Spire   Summ/Air       0%         N/A       99%         4
 Lightning Bolt           Conj/Air       0%         1d11      100%        5


Dungeon Overview and Level Annotations

Branches:
Dungeon (7/15)             Temple (0/1) D:5

Altars:
Wu Jian

Shops:
D:6 (

Annotations:
D:5 1 runed translucent door, Jingleheimer's ghost, novice DrCj
D:6 3 runed translucent doors, TheDeanity's ghost, novice TrFi; WaxSun's ghost, novice MfIE; fknight's ghost, amateur GnBe


Innate Abilities, Weirdness & Mutations

You are completely covered in rugged brown scales. (AC +3, +7% HP)
You have supernaturally acute eyesight. (SInv)
Armour fits poorly on your strangely shaped body.
You can roll at nearby foes to attack.
You have a long armoured tail.
You curl defensively after being hit. (AC +7*)
You are somewhat resistant to further mutation.
You are resistant to electric shocks. (rElec)


Message History

The killer bee barely misses you.
You feel better. The killer bee barely misses you. The killer bee stings you.
* * * LOW HITPOINT WARNING * * *
A killer bee comes into view.
You closely miss the killer bee.
The killer bee buzzes angrily.
Your tail-slap misses the killer bee.
The killer bee is almost dead.
The killer bee stings you.
* * * LOW HITPOINT WARNING * * *
You are poisoned.
The killer bee poisons you!
The killer bee stings you but does no damage.
You feel sick. The killer bee barely misses you.
You feel sick.
The killer bee stings you but does no damage. x2
You feel sick. The killer bee closely misses you. The killer bee stings you.
* * * LOW HITPOINT WARNING * * *
Items here: ( )) รท.
You feel better. The killer bee barely misses you. x2
The killer bee stings you.
* * * LOW HITPOINT WARNING * * *
You are lethally poisoned!
The killer bee poisons you!
The killer bee stings you but does no damage.
The killer bee closely misses you.
The killer bee stings you but does no damage. x3
As you read the scroll labelled CEEBEMM ARRU, it crumbles to dust.
It is a scroll of enchant weapon.
Your +2 battleaxe of flaming glows red for a moment.
* * * LOW HITPOINT WARNING * * *
You feel very sick. The killer bee closely misses you.
The killer bee stings you.
* * * LOW HITPOINT WARNING * * *
The killer bee stings you but does no damage. x2
The killer bee closely misses you. The killer bee stings you.
* * * LOW HITPOINT WARNING * * *
You are more poisoned.
The killer bee poisons you! The killer bee stings you.
You die...

###.#######.## # #.#
###.# .# ##...# .#
##[)###
.###.###..#####
.....y...yy...# #
##...####yyy..# #
##...# #y@)..#
#######....####..<..#
...............>[...#
#####...#..####.....#
####..###...# #.....#
#....####.#.###[....#
......>.............#
.#######......#######
.# #......#


You could see 6 killer bees.

Vanquished Creatures
  2 water moccasins (D:7)
  An ice beast (D:6)
  3 sky beasts
  A hornet zombie (D:7)
  4 ogres
  2 black bears
  A centaur (D:5)
  A kobold brigand (D:7)
  A wyvern zombie (D:7)
  4 scorpions
  2 water moccasin skeletons (D:4)
  2 wights (D:7)
  2 centaur zombies
  A hound (D:6)
  A jelly (D:4)
  2 orc priests
  2 iguanas
  4 orc wizards
  A scorpion zombie (D:5)
  9 adders
  3 ufetubi
  An adder zombie (D:5)
  3 worms
  4 dart slugs
  20 orcs
  3 bats
  5 endoplasms
  3 giant cockroaches
  12 goblins
  3 hobgoblins
  4 jackals (D:4)
  3 quokkas
  5 ball pythons
  A frilled lizard (D:1)
  11 kobolds
  3 rats
130 creatures vanquished.

Notes
Turn   | Place    | Note
-------+----------+-------------------------------------------
     0 | Abyss:1  | experimilk the Palentonga Abyssal Knight began the quest
                  | for the Orb.
     0 | Abyss:1  | Reached XP level 1. HP: 19/19 MP: 2/2
    25 | Abyss:1  | Noticed a raiju
    25 | Abyss:1  | Noticed a raiju
    25 | Abyss:1  | Noticed a raiju
    25 | D:1      | Escaped the Abyss
    57 | D:1      | Reached * piety under Lugonu
   181 | D:1      | Reached XP level 2. HP: 23/25 MP: 3/3
   244 | D:1      | Reached skill level 3 in Maces & Flails
  1003 | D:2      | Reached XP level 3. HP: 31/31 MP: 4/4
  1235 | D:2      | Found a faded altar of an unknown god.
  1442 | D:2      | Reached skill level 4 in Maces & Flails
  1892 | D:3      | Reached XP level 4. HP: 14/37 MP: 5/5
  2219 | D:3      | Noticed an ogre
  2297 | D:3      | Reached ** piety under Lugonu
  3596 | D:4      | Reached skill level 5 in Maces & Flails
  3596 | D:4      | Reached XP level 5. HP: 34/43 MP: 6/6
  4147 | D:4      | Gained mutation: You are resistant to electric shocks.
                  | (rElec) [potion of mutation]
  4147 | D:4      | Gained mutation: You are somewhat resistant to further
                  | mutation. [potion of mutation]
  4152 | D:4      | Reached skill level 6 in Maces & Flails
  4257 | D:4      | Reached XP level 6. HP: 38/50 MP: 7/7
  4554 | D:4      | Reached *** piety under Lugonu
  5069 | D:3      | Reached skill level 7 in Maces & Flails
  5069 | D:3      | Reached skill level 1 in Evocations
  5303 | D:4      | Gained mutation: You curl defensively after being hit. (AC
                  | +7*) [Palentonga growth]
  5303 | D:4      | Reached XP level 7. HP: 55/55 MP: 7/9
  5401 | D:5      | Entered Level 5 of the Dungeon
  5752 | D:5      | Identified the +5 ring mail of Plasticity {rC+ Stlth+}
  6556 | D:5      | Reached skill level 8 in Maces & Flails
  6953 | D:5      | Found a runed translucent door.
  6954 | D:5      | Noticed Jingleheimer's ghost (novice DrCj)
  6971 | D:5      | Reached XP level 8. HP: 62/62 MP: 9/11
  7096 | D:5      | Found a staircase to the Ecumenical Temple.
  7265 | D:6      | Found an ornate altar of the Wu Jian Council.
  8802 | D:6      | Reached skill level 9 in Maces & Flails
  8802 | D:6      | Reached skill level 5 in Invocations
  8945 | D:6      | Found a runed translucent gate.
  8945 | D:6      | Found a runed translucent gate.
  8945 | D:6      | Found a runed translucent gate.
  8946 | D:6      | Noticed WaxSun's ghost (novice MfIE)
  8946 | D:6      | Noticed fknight's ghost (amateur GnBe)
  8947 | D:6      | Noticed TheDeanity's ghost (novice TrFi)
  9106 | D:6      | Found Emu Ceugu's Weapon Shoppe.
  9116 | D:6      | Identified the +6 trident of Gallantry {vorpal, Dex+2}
  9809 | D:7      | Reached XP level 9. HP: 41/67 MP: 12/12
 10042 | D:7      | Reached skill level 10 in Maces & Flails
 10185 | D:7      | Reached skill level 1 in Axes
 10953 | D:7      | Reached skill level 5 in Evocations
 11083 | D:7      | HP: 2/67 [killer bee (4)]
 11083 | D:7      | Slain by a killer bee

Illustrated notes

Levels and vault maps discovered:
D:1:      minmay_arrival_solitary_statue, layout_rooms, minmay_misc_feat_pillars
D:2:      layout_loops_cross, hellmonk_ecumenical_altar_pennies_from_heaven,
          minmay_unequal
D:3:      layout_basic, minmay_ogre_servants
D:4:      layout_loops_cross, hangedman_decor_opposing
D:5:      layout_loops_ring, minmay_temple_entry_statues, ebering_ghost_sewer_d,
          minmay_misc_feat_rows
D:6:      layout_basic, nicolae_wu_jian_wuxing_cycle, gammafunk_ghost_cemetery,
          serial_shops, nicolae_shop_advertising_works
          [nicolae_subvault_shop_adworks]
D:7:      layout_rooms, lemuel_another_geyser

Skill      XL: |  1  2  3  4  5  6  7  8  9 |
---------------+----------------------------+-----
Maces & Flails | 3 4 5 6 7 8 9 10 | 10.0
Evocations     | 1 2 4 5 |  5.0
Invocations    | 4 5 |  5.0
Axes           | 2 |  2.9
Fighting       | |  3.0
Armour         | |  1.5
Dodging        | |  0.7

Action                   |  1- 3 |  4- 6 |  7- 9 || total
-------------------------+-------+-------+-------++-------
Melee: Mace              |    80 |   143 |   142 ||   365
       Tailslap          |     3 |    18 |    28 ||    49
       Punch             |     2 |     2 |     2 ||     6
       Flail             |       |       |    29 ||    29
       Battleaxe         |       |       |    46 ||    46
Invok: Depart the Abyss  |     1 |       |       ||     1
       Bend Space        |       |     3 |    10 ||    13
       Banish            |       |       |     1 ||     1
 Abil: Rolling Charge    |    13 |    15 |    26 ||    54
Evoke: Wand              |       |     2 |     5 ||     7
  Use: Scroll            |       |     4 |     6 ||    10
       Potion            |       |     2 |     5 ||     7
Armor: Leather armour    |    13 |       |       ||    13
       Ring mail         |     6 |    25 |   139 ||   170
       Plate armour      |    17 |    54 |       ||    71
       Skin              |       |       |    37 ||    37
Dodge: Dodged            |    21 |    31 |    99 ||   151
